Map: King's Cove LE

Players

wootwoot - Winner!

  • Race: Protoss Protoss
  • League: Platinum
  • Spawn Location: 5:00

Ravager

  • Race: Terran Terran
  • League: Platinum
  • Spawn Location: 11:00

VOD

Have the link to the VOD?

Description

Time

  • Played on: April 21, 2025, 4:01 p.m.
  • Length: 5:00
Show
View Real Time Build Order
Export as new Build Order

wootwoot Protoss - Winner!

Build Orders:  

Get SALT Encoding   

  12  0:00  Probe  
  13  0:12  Probe  
  14  0:19  Pylon  
  14  0:24  Probe  
  15  0:37  Probe  
  15  0:38  Gateway  
  16  0:49  Probe  
  17  0:54  Gateway  
  17  1:01  Probe  
  17  1:02  Assimilator  
  18  1:07  Assimilator  
  18  1:13  Probe  
  19  1:26  Cybernetics Core  
  19  1:27  Probe  
  19  1:31  Pylon  
  20  1:39  Probe  
  21  1:43  Warp Gate  
  21  1:51  Probe  
  22  1:59  Stalker x2  
  26  2:16  Robotics Facility  
  26  2:26  Stalker  
  28  2:31  Stalker  
  30  2:44  Pylon  
  30  2:52  Gateway  
  30  3:00  Gateway  
  30  3:10  Warp Prism  
  32  3:36  Pylon  
  32  3:37  Immortal  
  36  3:52  Pylon  
  36  4:04  Zealot x2  
  40  4:23  Pylon  
  40  4:52  Zealot x2  
  40  4:53  Zealot x2  
Show
View Real Time Build Order
Export as new Build Order

Ravager Terran 

Build Orders: Reaper Expand, Mech 

Get SALT Encoding   

  12  0:01  SCV  
  13  0:13  SCV  
  14  0:18  Supply Depot  
  14  0:25  SCV  
  15  0:39  SCV  
  16  0:43  Barracks  
  16  0:47  Refinery  
  16  0:51  SCV  
  17  1:04  SCV  
  18  1:16  SCV  
  19  1:30  Orbital Command  
  19  1:32  Reaper  
  20  1:37  Supply Depot  
  20  1:59  Command Center  
  20  2:00  SCV  
  21  2:05  Barracks Tech Lab  
  21  2:17  Factory  
  21  2:19  SCV  
  22  2:30  Refinery  
  22  2:36  SCV  
  23  2:48  SCV  
  24  2:57  Supply Depot  
  24  3:07  Siege Tank  
  24  3:11  Marine  
  27  3:25  Orbital Command  
  24  3:43  Siege Tank  
  24  3:45  SCV  
  24  3:48  Factory  
  28  3:54  SCV  
  29  3:56  Barracks Reactor  
  29  3:57  SCV  
  30  4:06  SCV  
  30  4:09  SCV  
  32  4:11  Factory  
  32  4:21  SCV x2  
  34  4:33  SCV  
  35  4:40  SCV  
  35  4:45  SCV  
Tags
 
Composition
Mech
Matchup
PvT
Replay Pack
#1B2M-Replays
Spawn Locations
Cross Positions
Add a new tag
Caveats
  • Supply blocks, unpowered buildings, or Contaminate may cause inaccurate times.
  • Supply counts are checked every 10 seconds.